 Dungeon Crawl Stone Soup version 0.29-a0-414-g5075937ec3 (webtiles) character file.

Game seed: 17968094844538097298

1 purpskrrrp the Sneak (level 1, 0/19 HPs)
             Began as a Hill Orc Delver on May 15, 2022.
             Slain by a black bear (2 damage)
             ... on level 4 of the Dungeon.
             The game lasted 00:00:44 (54 turns).

purpskrrrp the Sneak (Hill Orc Delver)                Turns: 54, Time: 00:00:44

Health: 0/19       AC:  3    Str: 14    XL:     1   Next: 20%
Magic:  1/1        EV: 11    Int: 10    God:
Gold:   26         SH:  0    Dex: 12    Spells: 0/0 levels left

rFire   . . .      SeeInvis .   a - +0 hand axe
rCold   . . .      Faith    .   (no shield)
rNeg    . . .      Spirit   .   b - +0 leather armour
rPois   .          Reflect  .   (no helmet)
rElec   .          Harm     .   (no cloak)
rCorr   .          Rampage  .   (no gloves)
Will    .....                   (no boots)
Stlth   ++........              (no amulet)
HPRegen 0.06/turn               (no ring)
MPRegen 0.07/turn               (no ring)

@: hasted, very quick
A: no striking features
a: no special abilities


You were on level 4 of the Dungeon.
You visited 1 branch of the dungeon, and saw 2 of its levels.

You collected 26 gold pieces.

Inventory:

Hand Weapons
 a - a +0 hand axe (weapon)
Missiles
 i - 18 stones (quivered)
Armour
 b - a +0 leather armour (worn)
Wands
 g - a wand of digging (3)
Scrolls
 c - a scroll of fog
 d - a scroll of magic mapping
 e - a scroll of fear
Potions
 h - a potion of cancellation {unknown}


   Skills:
 + Level 3.6 Fighting
 + Level 2.6 Axes
 + Level 1.5 Dodging
 + Level 4.1 Stealth


You couldn't memorise any spells.
You didn't know any spells.
Your spell library was empty.

Dungeon Overview and Level Annotations

Branches:
Dungeon (5/15)
 Temple: D:4-7

Altars:


Message History

Found a stone staircase leading up.
You now have 11 gold pieces.
There are no items here.
There is a stone staircase leading up here.
You climb upwards.
You hear the hiss of flowing sand.
There is an entrance to an ossuary on this level.
Hurry and find it before the portal is buried!
Found 13 gold pieces.
There is a stone staircase leading down here.
Found 18 stones.
You hit the hobgoblin.
You kill the hobgoblin!
Found 9 gold pieces.
You see here a hobgoblin corpse.
You now have 17 gold pieces (gained 6).
You now have 26 gold pieces (gained 9).
A black bear comes into view.
Found a black potion.
The black bear growls angrily.
You see here 7 gold pieces.
You see here 18 stones.
i - 18 stones You feel yourself speed up.
You hit the black bear but do no damage.
The black bear bites you. The black bear claws you. x2
You slash the black bear!
The black bear is moderately wounded.
You barely miss the black bear.
The black bear is moderately wounded.
The black bear bites you. The black bear claws you. x2
You hit the black bear but do no damage.
The black bear is moderately wounded.
The black bear bites you.
* * * LOW HITPOINT WARNING * * *
The black bear barely misses you. The black bear claws you.
* * * LOW HITPOINT WARNING * * *
You hit the black bear.
The black bear is moderately wounded.
The black bear closely misses you. The black bear claws you.
You die...

...... ........
..!...##........
................
.......#.......
...........##..
#.......#.......#
#.####...$....# .....#
#.......h..#.## .....#
.......@...#..##......
........#.....#......
........##........#
........##..†.....#
........##..#.....#
.....##.#...##.>..#
..........#####....#
...........# #...##
##.#.#..## #####


You could see a black bear.

Vanquished Creatures
  A hobgoblin (D:4)
1 creature vanquished.

Notes
Turn   | Place    | Note
-------+----------+-------------------------------------------
     0 | D:5      | purpskrrrp the Hill Orc Delver began the quest for the Orb.
     0 | D:5      | Reached XP level 1. HP: 19/19 MP: 1/1
    43 | D:4      | Noticed a black bear
    54 | D:4      | Slain by a black bear

Illustrated notes

Levels and vault maps discovered:
D:4:      layout_cave_pools, riverfiend_overflow_shadow_ancestor,
          overflow_temple_1_default, enter_ossuary_3
D:5:      layout_rooms, grunt_temple_overflow_open,
          minmay_temple_entry_butterflies, chequers_serial_rivers_micro_b

Action                   || total
-------------------------++-------
Melee: Hand axe          ||     6
  Use: Potion            ||     1
Dodge: Dodged            ||     2

Table legend: (Time is in decaauts)
 A = Elapsed time spent in this place.
 B = Non-inter-level travel time spent in this place.
 C = Inter-level travel time spent in this place.
 D = Time resting spent in this place.
 E = Time spent auto-exploring this place.
 F = Levels seen in this place.
 G = Mean time per level.
                   A        B        C        D        E       F      G
               +--------+--------+--------+--------+--------+-----+--------+
         Total |     53 |     21 |     32 |      0 |      0 |   2 |   26.5 |
       Dungeon |     53 |     21 |     32 |      0 |      0 |   2 |   26.5 |
               +--------+--------+--------+--------+--------+-----+--------+

Top non-repeatable levels by time:
     D:4: 30 daAuts
     D:5: 23 daAuts
